[Event "Titled Tuesday Blitz November 22 Early 2022"]
[White "Foerster-Yialamas, Lucas"]
[Black "Han, Yichen"]
[WhiteFideId "30901774"]
[BlackFideId "1054430"]
[WhiteElo "2067"]
[BlackElo "2323"]
[Result "0-1"]
[Round "01"]
[TimeControl "180+1"]
[Date "2022.11.23"]
[WhiteClock "0:00:04"]
[BlackClock "0:00:20"]

1. e4 Nf6 2. e5 Nd5 3. d4 d6 4. f4 dxe5 5. fxe5 c5 6. c4 Nc7 7. d5 g6 8. Nf3 Bg7 9. Bf4 O-O 10. Qd2 b5 11. b3 Bg4 12. Be2 Nd7 13. Qe3 bxc4 14. bxc4 e6 15. d6 Na6 16. a3 Qa5+ 17. Nbd2 Rab8 18. O-O Rb2 19. Rfb1 Rfb8 20. Rxb2 Rxb2 21. Ne4 Bxf3 22. Bxf3 Nxe5 23. Bxe5 Bxe5 24. Rd1 Bd4 25. Rxd4 cxd4 26. Qc1 Rb8 27. d7 Nc5 28. Nf6+ Kg7 29. Nh5+ gxh5 30. Qg5+ Kf8 31. h3 Rb1+ 32. Kh2 Qc7+ 33. g3 Rb2+ 34. Kg1 Nxd7 35. Qh6+ Ke7 36. Qxh5 Qxg3+ 37. Kf1 Rf2+ 38. Ke1 Qg1# 0-1


[Site "https://www.chess.com"]

[Event "Titled Tuesday Blitz November 22 Early 2022"]
[White "Gabdrakhmanov, Azat"]
[Black "Matveeva, Olga"]
[WhiteFideId "34189197"]
[BlackFideId "24107018"]
[WhiteElo "2254"]
[BlackElo "2055"]
[Result "1-0"]
[Round "01"]
[TimeControl "180+1"]
[Date "2022.11.23"]
[WhiteClock "0:00:15"]
[BlackClock "0:00:23"]

1. e4 e6 2. d3 d5 3. Nd2 Nf6 4. g3 Nc6 5. Bg2 e5 6. Ngf3 dxe4 7. dxe4 Bc5 8. O-O O-O 9. c3 a5 10. Qe2 Qe7 11. Nc4 b6 12. a4 Ba6 13. b3 Rad8 14. Nh4 Qe6 15. Nf5 Bxc4 16. bxc4 Ne7 17. Ne3 c6 18. Rb1 Nd7 19. h4 g6 20. Ng4 Kh8 21. Bh6 Rfe8 22. Kh2 Ng8 23. Bg5 f6 24. Bc1 h5 25. Ne3 Kg7 26. Bh3 Qe7 27. Ng2 Nh6 28. Ne1 Nf7 29. Nd3 Nf8 30. Nxc5 Qxc5 31. Be3 Qa3 32. Bxb6 Rb8 33. Bxa5 Qxa4 34. Bb4 Ne6 35. Ra1 Nd4 36. Qe1 Nf3+ 37. Kh1 Nxe1 38. Rxa4 Nc2 39. Rc1 Nxb4 40. cxb4 Red8 41. Bf1 Rd2 42. Kg1 Nd6 43. b5 cxb5 44. cxb5 Nxe4 45. Rxe4 1-0


[Site "https://www.chess.com"]

[Event "Titled Tuesday Blitz November 22 Early 2022"]
[White "Garagulya, Konstantin"]
[Black "Erdogdu, Mert"]
[WhiteFideId "4128931"]
[BlackFideId "6301495"]
[WhiteElo "2329"]
[BlackElo "2413"]
[Result "0-1"]
[Round "01"]
[TimeControl "180+1"]
[Date "2022.11.23"]
[WhiteClock "0:00:17"]
[BlackClock "0:01:08"]

1. d4 d5 2. Nf3 e6 3. c4 c5 4. e3 Nf6 5. Nc3 a6 6. a3 dxc4 7. Bxc4 b5 8. Be2 Bb7 9. O-O Nbd7 10. dxc5 Bxc5 11. b4 Be7 12. Bb2 O-O 13. Rc1 Rc8 14. Qb3 Qb6 15. Rfd1 Rfd8 16. h3 Nf8 17. Nd4 Ng6 18. Bf3 Ne5 19. Bxb7 Qxb7 20. Nb1 Nc4 21. Nd2 Nxd2 22. Rxd2 Rxc1+ 23. Bxc1 Ne4 24. Rc2 Bf6 25. Bb2 h6 26. f3 Nd6 27. Nc6 Rc8 28. Bxf6 Rxc6 29. Bd4 Nc4 30. a4 e5 31. Bc5 Qd7 32. Rc1 Rg6 33. Kf1 Nd2+ 0-1


[Site "https://www.chess.com"]

[Event "Titled Tuesday Blitz November 22 Early 2022"]
[White "Garmash, Aliona"]
[Black "Gurevich, Dmitry"]
[WhiteFideId "34127620"]
[BlackFideId "2000407"]
[WhiteElo "1958"]
[BlackElo "2506"]
[Result "0-1"]
[Round "01"]
[TimeControl "180+1"]
[Date "2022.11.23"]
[WhiteClock "0:00:01"]
[BlackClock "0:00:10"]

1. d4 Nf6 2. c4 a6 3. Nc3 c5 4. d5 b5 5. cxb5 axb5 6. Nxb5 Qa5+ 7. Nc3 Bb7 8. Bd2 Qb6 9. e4 e6 10. Bc4 Nxe4 11. Nxe4 exd5 12. Bb3 dxe4 13. Ne2 Be7 14. O-O O-O 15. Bc3 Bf6 16. Nf4 Bxc3 17. bxc3 Qf6 18. Qd2 Nc6 19. Nd5 Qe5 20. Rfe1 Na5 21. Rad1 Nxb3 22. axb3 Bc6 23. c4 f5 24. f3 Rae8 25. fxe4 fxe4 26. Qe3 d6 27. h3 h6 28. Rd2 Rf7 29. Rdd1 g6 30. Qxh6 Qg7 31. Qxg7+ Kxg7 32. Re3 Re5 33. Nb6 Re6 34. Nc8 Rd7 35. Nb6 Rf7 36. Nd5 Re5 37. Nc3 Rf6 38. Rde1 Rfe6 39. R1e2 g5 40. Rd2 Kg6 41. Rde2 Kf5 42. Rf2+ Kg6 43. Rfe2 g4 44. hxg4 Kg5 45. Rg3 e3 0-1


[Site "https://www.chess.com"]

[Event "Titled Tuesday Blitz November 22 Early 2022"]
[White "Ghosh, Chanchal Kumer"]
[Black "Richter, Paul"]
[WhiteFideId "10201858"]
[BlackFideId "2046350"]
[WhiteElo "2058"]
[BlackElo "2563"]
[Result "1-0"]
[Round "01"]
[TimeControl "180+1"]
[Date "2022.11.23"]
[WhiteClock "0:00:08"]
[BlackClock "0:00:02"]

1. e4 c5 2. Nf3 d6 3. d4 cxd4 4. Nxd4 Nf6 5. Nc3 g6 6. f4 Nc6 7. Bb5 Bd7 8. O-O Bg7 9. Bxc6 Bxc6 10. e5 dxe5 11. fxe5 Nd5 12. e6 f5 13. Nxf5 Bf6 14. Nxd5 Qxd5 15. Qxd5 Bxd5 16. Nd6+ Kf8 17. Bg5 Kg8 18. Bxf6 exf6 19. Rxf6 Kg7 20. Rf7+ Kh6 21. Re1 Rhd8 22. Rd7 Rxd7 23. exd7 Rd8 24. Re7 Kg5 25. b3 b5 26. a4 a6 27. axb5 axb5 28. Nxb5 Bc6 29. Nd4 Bxd7 30. h3 h5 31. c4 Kf6 32. Rh7 Be8 33. Nf3 Rb8 34. Nd2 Bf7 35. h4 Rd8 36. Nf3 Rd1+ 37. Kh2 Rb1 38. Ng5 Bg8 39. Rd7 Rxb3 40. Rd6+ Kg7 41. Rc6 Rc3 42. Rc7+ Kf8 43. c5 Rc2 44. Kg3 Bd5 45. Kf4 Rxg2 46. Ke5 1-0


[Site "https://www.chess.com"]

[Event "Titled Tuesday Blitz November 22 Early 2022"]
[White "Ginzburg, Yakov"]
[Black "Prohorov, Olexandr"]
[WhiteFideId "4157176"]
[BlackFideId "14105578"]
[WhiteElo "2305"]
[BlackElo "1993"]
[Result "0-1"]
[Round "01"]
[TimeControl "180+1"]
[Date "2022.11.23"]
[WhiteClock "0:00:01"]
[BlackClock "0:01:02"]

1. e4 c5 2. Nf3 d6 3. c3 Nf6 4. Be2 b6 5. O-O Bb7 6. e5 dxe5 7. Nxe5 e6 8. Bb5+ Nbd7 9. d4 a6 10. Nxd7 Nxd7 11. Ba4 b5 12. Bc2 Be7 13. dxc5 Qc7 14. Qg4 Nf6 15. Qh3 Bxc5 16. Nd2 O-O-O 17. a4 h5 18. axb5 axb5 19. Nb3 Bd6 20. Nd4 b4 21. Nb5 Qb6 22. Nxd6+ Qxd6 23. Bg5 Qe5 24. Qh4 bxc3 25. bxc3 Rd7 26. Rfb1 Ng4 27. Qg3 Qxg3 28. hxg3 f6 29. Bf4 e5 30. Bf5 exf4 31. Bxd7+ Kxd7 32. Rxb7+ Ke6 33. Ra6+ Kf5 34. Rxg7 Rd8 35. Ra5+ Ne5 36. gxf4 Kxf4 37. Kh2 Ng4+ 38. Rxg4+ hxg4 39. Ra4+ Kg5 40. Rd4 Rc8 41. c4 Re8 42. Kg3 Re2 43. Rxg4+ Kf5 44. Rf4+ Ke6 0-1


[Site "https://www.chess.com"]

[Event "Titled Tuesday Blitz November 22 Early 2022"]
[White "Goldin, Alexander"]
[Black "Ravot, Sylvain"]
[WhiteFideId "2019540"]
[BlackFideId "627763"]
[WhiteElo "2616"]
[BlackElo "2195"]
[Result "1-0"]
[Round "01"]
[TimeControl "180+1"]
[Date "2022.11.23"]
[WhiteClock "0:00:05"]
[BlackClock "0:00:01"]

1. Nf3 Nf6 2. d4 d5 3. c4 e6 4. Nc3 a6 5. cxd5 exd5 6. Bg5 Be6 7. e3 Nbd7 8. Bd3 Bd6 9. h3 c6 10. Bf4 Qb8 11. Bxd6 Qxd6 12. O-O O-O 13. a3 Rfe8 14. Rc1 h6 15. Qc2 Rad8 16. Rfd1 Rc8 17. Qb3 Qb8 18. Qc2 c5 19. dxc5 Nxc5 20. b4 Nxd3 21. Qxd3 Rc7 22. Ne2 Rec8 23. Rxc7 Rxc7 24. Nfd4 Bd7 25. f3 Qc8 26. Kh2 Rc4 27. Rd2 Qc7+ 28. Kg1 g6 29. Qb3 Kg7 30. Qb2 Kg8 31. Nf4 Qe5 32. Kf2 g5 33. Nd3 Qh2 34. Ne1 Bxh3 35. Ne2 Be6 36. Rd4 Qe5 37. Qd2 Qc7 38. Nd3 Kg7 39. Ne1 b5 40. Qb2 Kg6 41. Nd3 Bf5 42. Nc5 Rxd4 43. Nxd4 Qb6 44. Qc3 Bc8 45. Ncb3 Kg7 46. Qd3 Qd6 47. Nc5 Qb6 48. Nf5+ Bxf5 49. Qxf5 a5 50. Qe5 axb4 51. axb4 Qc6 52. g4 Kg6 53. Qf5+ Kg7 54. Qe5 Kg6 55. Kg3 Kg7 56. f4 gxf4+ 57. exf4 Qe8 58. Qd4 Qe2 59. g5 Qe1+ 60. Kg2 Qe2+ 61. Kg1 hxg5 62. fxg5 Qe1+ 63. Kg2 Qe2+ 64. Kg3 Qe1+ 65. Kf4 Qh4+ 66. Ke5 Qxg5+ 67. Kd6 Qg3+ 68. Kc6 Kg6 69. Nd7 Qf3 70. Ne5+ Kf5 71. Nxf3 Ne4 72. Qe5+ 1-0


[Site "https://www.chess.com"]

[Event "Titled Tuesday Blitz November 22 Early 2022"]
[White "Golichenko, Ilija"]
[Black "Ibarra Jerez, Jose Carlos"]
[WhiteFideId "14117223"]
[BlackFideId "2226332"]
[WhiteElo "2350"]
[BlackElo "2638"]
[Result "0-1"]
[Round "01"]
[TimeControl "180+1"]
[Date "2022.11.23"]
[WhiteClock "0:00:17"]
[BlackClock "0:00:05"]

1. d4 Nf6 2. c4 d6 3. Nc3 e5 4. Nf3 e4 5. Nd2 Qe7 6. e3 Bf5 7. h3 h5 8. Be2 g6 9. b3 Bg7 10. Bb2 h4 11. Qc2 Nc6 12. a3 O-O 13. O-O-O Nxd4 14. exd4 e3 15. Bd3 exd2+ 16. Qxd2 Bxd3 17. Qxd3 Nh5 18. Nd5 Qd8 19. Rhe1 c6 20. Ne7+ Kh7 21. d5 Re8 22. Bxg7 Nxg7 23. dxc6 Rxe7 24. Rxe7 Qxe7 25. Qxd6 Qxd6 26. Rxd6 bxc6 27. Rxc6 Ne6 28. g3 Kg7 29. Kd2 Nd4 30. Ra6 Nxb3+ 31. Kc3 Nc5 32. Ra5 hxg3 33. fxg3 Ne4+ 34. Kd4 Nxg3 35. c5 Nf5+ 36. Kd5 a6 37. Kc6 Rh8 38. Kd7 Rxh3 39. c6 Rd3+ 40. Ke8 Nd6+ 41. Ke7 Nc8+ 42. Ke8 f5 43. c7 f4 44. Rxa6 f3 45. Ra8 Nd6+ 46. Ke7 f2 47. Rf8 Rd2 48. Rf6 Nc8+ 49. Ke6 Rd6+ 0-1


[Site "https://www.chess.com"]

[Event "Titled Tuesday Blitz November 22 Early 2022"]
[White "Goltsev, Dmitry"]
[Black "Ansh M Shah"]
[WhiteFideId "24176710"]
[BlackFideId "25033379"]
[WhiteElo "2289"]
[BlackElo "2084"]
[Result "1-0"]
[Round "01"]
[TimeControl "180+1"]
[Date "2022.11.23"]
[WhiteClock "0:01:01"]
[BlackClock "0:00:01"]

1. e4 c6 2. d4 d5 3. Nc3 dxe4 4. Nxe4 Nf6 5. Nxf6+ exf6 6. c3 Bd6 7. Nf3 O-O 8. Bd3 Re8+ 9. Be3 Bf4 10. Kd2 Bxe3+ 11. fxe3 Qe7 12. e4 Nd7 13. Qc2 c5 14. d5 Ne5 15. Rae1 a6 16. Kc1 b5 17. h3 Bd7 18. Rhf1 c4 19. Be2 Qc5 20. Nd4 b4 21. g4 h6 22. Rg1 Reb8 23. h4 a5 24. g5 hxg5 25. hxg5 f5 26. exf5 Qxd5 27. f6 g6 28. Rh1 Nd3+ 29. Bxd3 cxd3 30. Rh8+ Kxh8 31. Qh2+ Kg8 32. Qh6 Qxg5+ 33. Qxg5 bxc3 34. bxc3 d2+ 35. Qxd2 1-0


[Site "https://www.chess.com"]

[Event "Titled Tuesday Blitz November 22 Early 2022"]
[White "Golubev, Mikhail"]
[Black "Goriatchkin, Jouri"]
[WhiteFideId "14100983"]
[BlackFideId "4120183"]
[WhiteElo "2374"]
[BlackElo "1893"]
[Result "1-0"]
[Round "01"]
[TimeControl "180+1"]
[Date "2022.11.23"]
[WhiteClock "0:01:10"]
[BlackClock "0:00:29"]

1. d4 d5 2. c4 c6 3. Nc3 Nf6 4. Nf3 e6 5. Bg5 h6 6. Bh4 dxc4 7. e4 g5 8. Bg3 b5 9. Ne5 b4 10. Na4 c3 11. bxc3 bxc3 12. Qc2 Qa5 13. Nc4 Qd8 14. Bd3 Bg7 15. Bd6 Ba6 16. e5 Nd5 17. Nc5 Bxc4 18. Bxc4 Nd7 19. Nxe6 1-0


[Site "https://www.chess.com"]

[Event "Titled Tuesday Blitz November 22 Early 2022"]
[White "Gonzalez Vega, Alejandro"]
[Black "Djokic, Mihailo"]
[WhiteFideId "3510042"]
[BlackFideId "976440"]
[WhiteElo "2290"]
[BlackElo "2315"]
[Result "0-1"]
[Round "01"]
[TimeControl "180+1"]
[Date "2022.11.23"]
[WhiteClock "0:00:49"]
[BlackClock "0:01:18"]

1. e4 c5 2. Nf3 d6 3. d4 cxd4 4. c3 Nf6 5. cxd4 Nxe4 6. d5 e6 7. Qa4+ Nd7 8. Qxe4 Nf6 9. Qh4 Qa5+ 10. Bd2 Qxd5 11. Bc4 Qf5 12. O-O Bd7 13. Nc3 Rc8 14. Bb3 Be7 15. Nd4 Qc5 16. Be3 Qa5 17. Qg3 O-O 18. Rad1 Rfd8 19. Rfe1 b5 20. Bd2 Qb6 21. Bc1 a5 22. Nf5 Bf8 23. Nxd6 Bxd6 24. Rxd6 Qc7 25. Red1 b4 26. Ne2 Ne4 27. Qd3 Nxd6 28. Qxd6 a4 29. Qc6 Bxc6 0-1


[Site "https://www.chess.com"]

[Event "Titled Tuesday Blitz November 22 Early 2022"]
[White "Goroshkov, Maksym"]
[Black "Castellanos Hernandez, Emilio Au"]
[WhiteFideId "14142716"]
[BlackFideId "5114179"]
[WhiteElo "2257"]
[BlackElo "2037"]
[Result "0-1"]
[Round "01"]
[TimeControl "180+1"]
[Date "2022.11.23"]
[WhiteClock "0:01:30"]
[BlackClock "0:01:18"]

1. e4 c5 2. d4 cxd4 3. c3 d5 4. exd5 Qxd5 5. cxd4 Nf6 6. Nf3 Bg4 7. Be2 e6 8. Nc3 Bb4 9. O-O Qa5 10. Bd2 Nc6 11. a3 Bxc3 12. Bxc3 Qc7 13. Ne5 Bxe2 14. Qxe2 O-O 15. Rac1 Rfc8 16. Qf3 Nd5 17. Qg3 Nxe5 18. dxe5 Qc4 19. Bd2 Qd4 20. Bc3 Nxc3 21. bxc3 Qa4 22. Rb1 b6 23. Rfd1 Rc7 24. Rd4 Qxa3 25. Rbd1 h6 26. Rd8+ Rxd8 27. Rxd8+ Kh7 28. Qd3+ g6 29. g3 Qxc3 30. Qxc3 Rxc3 31. Rd7 Kg7 32. Rxa7 Rc5 33. f4 Rc2 34. Rb7 Rb2 35. h4 Kf8 36. g4 Rb4 37. f5 Rxg4+ 38. Kf2 gxf5 39. h5 Re4 40. Rxb6 Rxe5 41. Kg3 Re4 42. Rb7 Rg4+ 43. Kh3 Kg7 44. Rb8 e5 45. Re8 e4 46. Kh2 Rh4+ 47. Kg3 Rxh5 48. Kf4 Rg5 49. Ra8 Kg6 50. Ra6+ f6 51. Ra8 Rg4+ 52. Ke3 Rg3+ 53. Kf2 Rf3+ 54. Kg2 f4 55. Rg8+ Kf5 56. Rh8 Rg3+ 57. Kf2 e3+ 58. Kf1 f3 59. Rxh6 e2+ 60. Kf2 Rg2+ 61. Kxf3 e1=Q 62. Kxg2 Qd2+ 63. Kg3 Qxh6 64. Kf3 Qh3+ 65. Kf2 Ke4 66. Kg1 Qg4+ 67. Kf2 Qf3+ 68. Ke1 Qg2 69. Kd1 Kd3 70. Kc1 Qc2# 0-1


[Site "https://www.chess.com"]

[Event "Titled Tuesday Blitz November 22 Early 2022"]
[White "Goryachkina, Aleksandra"]
[Black "Jones, Daniel"]
[WhiteFideId "4147103"]
[BlackFideId "2019655"]
[WhiteElo "2484"]
[BlackElo "2336"]
[Result "1-0"]
[Round "01"]
[TimeControl "180+1"]
[Date "2022.11.23"]
[WhiteClock "0:00:06"]
[BlackClock "0:00:08"]

1. e4 e5 2. Nc3 f5 3. exf5 Nf6 4. Nf3 Nc6 5. d4 e4 6. Nh4 d5 7. Bg5 Bb4 8. a3 Ba5 9. Bb5 Qd6 10. O-O Bd7 11. Bxf6 gxf6 12. Qh5+ Kd8 13. Ne2 Bd2 14. Ng3 Bg5 15. c4 Nxd4 16. Bxd7 Qxd7 17. cxd5 Qxd5 18. Rad1 c5 19. b4 b6 20. bxc5 bxc5 21. Rfe1 Kc7 22. Nxe4 Rag8 23. Ng3 Rg7 24. Ng6 Rd8 25. Nh4 Rdg8 26. Kh1 Qa2 27. Nf3 Qxf2 28. Nxd4 cxd4 29. Qg4 Rd8 30. Qe4 Rgd7 31. Rb1 Rd5 32. Qe7+ R8d7 33. Qe8 Bf4 34. Qb8+ Kc6 35. Qa8+ Kd6 36. Qb8+ Kc6 37. Qa8+ Kd6 38. Re6+ Kc5 39. Qc6# 1-0


[Site "https://www.chess.com"]

[Event "Titled Tuesday Blitz November 22 Early 2022"]
[White "Grandelius, Nils"]
[Black "Malka, Samuel"]
[WhiteFideId "1710400"]
[BlackFideId "20643675"]
[WhiteElo "2617"]
[BlackElo "2464"]
[Result "1-0"]
[Round "01"]
[TimeControl "180+1"]
[Date "2022.11.23"]
[WhiteClock "0:01:21"]
[BlackClock "0:00:16"]

1. c4 g6 2. g3 Bg7 3. Bg2 c5 4. Nc3 Nc6 5. Nf3 e5 6. d3 Nge7 7. h4 h6 8. h5 g5 9. Nxg5 hxg5 10. Bxg5 f6 11. h6 fxg5 12. hxg7 Rxh1+ 13. Bxh1 Kf7 14. e3 Kxg7 15. Qh5 Ng6 16. Be4 Qf6 17. Nd5 Qf7 18. O-O-O d6 19. Rh1 Bf5 20. Qh7+ Kf8 21. Qxf7+ Kxf7 22. Bxf5 Kg7 23. Rh5 Nce7 24. Rxg5 Nxf5 25. Rxf5 Rh8 26. Rf6 Rh1+ 27. Kd2 Rf1 28. f4 exf4 29. gxf4 Rf2+ 30. Kc3 b6 31. Rxd6 Nh4 32. Rd7+ Kf8 33. Rxa7 1-0


[Site "https://www.chess.com"]

[Event "Titled Tuesday Blitz November 22 Early 2022"]
[White "Grunberg, Mihai-Lucian"]
[Black "Tang, Andrew"]
[WhiteFideId "1204149"]
[BlackFideId "2059630"]
[WhiteElo "2363"]
[BlackElo "2581"]
[Result "0-1"]
[Round "01"]
[TimeControl "180+1"]
[Date "2022.11.23"]
[WhiteClock "0:01:11"]
[BlackClock "0:00:07"]

1. Nf3 d5 2. c4 e6 3. g3 Nf6 4. Bg2 Be7 5. O-O O-O 6. d4 dxc4 7. Qc2 a6 8. a4 Bd7 9. Ne5 Bc6 10. Nxc6 Nxc6 11. Rd1 Na5 12. Na3 Bxa3 13. Rxa3 c6 14. e4 b5 15. Bd2 Nb3 16. Bb4 Nxd4 17. Qd2 e5 18. Bxf8 Qxf8 19. f4 Qc5 20. Kh1 Ne6 21. Qd6 h5 22. h3 Rd8 23. Qxc5 Rxd1+ 24. Qg1 Rxg1+ 25. Kxg1 exf4 26. axb5 axb5 27. e5 Nd5 28. Ra8+ Kh7 29. Rc8 fxg3 30. Rxc6 Ndf4 31. Be4+ g6 32. Rb6 Nd4 33. Rb7 Kg7 34. h4 Kf8 35. Rd7 Nde2+ 36. Kf1 g5 37. hxg5 h4 38. Bd5 h3 39. Rxf7+ Ke8 40. g6 g2+ 41. Bxg2 hxg2+ 42. Kf2 g1=Q+ 43. Kf3 Qg3+ 44. Ke4 Qd3# 0-1


[Site "https://www.chess.com"]

[Event "Titled Tuesday Blitz November 22 Early 2022"]
[White "Gubanov, Oleg"]
[Black "Akbas, Umut Ata"]
[WhiteFideId "14115115"]
[BlackFideId "44572646"]
[WhiteElo "2158"]
[BlackElo "2192"]
[Result "0-1"]
[Round "01"]
[TimeControl "180+1"]
[Date "2022.11.23"]
[WhiteClock "0:00:22"]
[BlackClock "0:00:41"]

1. d4 Nf6 2. c4 g6 3. Nc3 d5 4. h4 c6 5. cxd5 Nxd5 6. h5 Bg7 7. hxg6 hxg6 8. Rxh8+ Bxh8 9. e4 Nb6 10. Be3 e5 11. dxe5 Bxe5 12. Qxd8+ Kxd8 13. Nf3 Bxc3+ 14. bxc3 Be6 15. Ng5 Ke7 16. Nxe6 Kxe6 17. a4 N6d7 18. Bc4+ Ke7 19. Rb1 b6 20. a5 b5 21. Be2 a6 22. c4 Ne5 23. cxb5 axb5 24. f4 Ned7 25. Bd2 Na6 26. Rc1 Nac5 27. Bb4 Kd6 28. Bf3 f6 29. e5+ fxe5 30. fxe5+ Nxe5 31. Bxc5+ Ke6 32. Kf1 Rxa5 33. Bd4 Nxf3 34. gxf3 Kd5 35. Rd1 Ra2 36. Be3+ Ke5 37. Rc1 Kd6 38. Rd1+ Ke6 39. Bf4 Rc2 40. Rd6+ Kf5 41. Be3 b4 42. Rd4 b3 43. Rb4 b2 44. Ke1 Rc1+ 0-1


[Site "https://www.chess.com"]

[Event "Titled Tuesday Blitz November 22 Early 2022"]
[White "Harsha Bharathakoti"]
[Black "Gheorghiu, Calin"]
[WhiteFideId "5078776"]
[BlackFideId "1200305"]
[WhiteElo "2523"]
[BlackElo "2225"]
[Result "0-1"]
[Round "01"]
[TimeControl "180+1"]
[Date "2022.11.23"]
[WhiteClock "0:00:08"]
[BlackClock "0:00:15"]

1. e4 e5 2. Nc3 Nf6 3. Bc4 Nxe4 4. Qh5 Nd6 5. Qxe5+ Qe7 6. Qxe7+ Bxe7 7. Be2 O-O 8. Nf3 Nf5 9. d4 Nc6 10. Nd5 Bd6 11. c3 Re8 12. g4 Nfe7 13. Nf4 b6 14. Kf1 Bb7 15. Rg1 Nd8 16. Bd2 Ng6 17. Nd3 Ne6 18. Nfe5 Nxe5 19. dxe5 Bf8 20. Rg3 Nc5 21. Nxc5 Bxc5 22. f4 a5 23. Rd1 a4 24. Be3 Bxe3 25. Rxe3 d6 26. Bb5 Re7 27. exd6 Rxe3 28. dxc7 Ree8 29. Bxe8 Rxe8 30. Rd8 Kf8 31. Rb8 Ba6+ 32. Kf2 Ke7 33. b3 axb3 34. axb3 Kd7 35. Rxb6 Bc8 36. Rb5 Kxc7 37. Rc5+ Kd6 38. b4 Bxg4 39. Rg5 h5 40. Rxg7 Re2+ 41. Kg3 Ke7 42. Rg5 Re3+ 43. Kg2 Rxc3 44. Re5+ Kd6 45. b5 Rb3 46. Kf2 f6 47. Re8 Rxb5 48. Kg3 Rb3+ 49. Kg2 h4 50. Rh8 h3+ 51. Kf2 Rf3+ 52. Ke2 Rxf4+ 53. Ke3 Ra4 54. Kf2 Ke5 55. Kg3 f5 56. Re8+ Kf6 57. Rf8+ Kg7 58. Rd8 Ra2 59. Rd7+ Kf6 60. Rd6+ Ke5 61. Rd8 Rg2+ 62. Kh4 Rxh2 63. Kg3 Rg2+ 64. Kh4 h2 0-1


[Site "https://www.chess.com"]

[Event "Titled Tuesday Blitz November 22 Early 2022"]
[White "Heinemann, Josefine"]
[Black "Dardha, Daniel"]
[WhiteFideId "12900460"]
[BlackFideId "240990"]
[WhiteElo "2300"]
[BlackElo "2528"]
[Result "1/2-1/2"]
[Round "01"]
[TimeControl "180+1"]
[Date "2022.11.23"]
[WhiteClock "0:00:08"]
[BlackClock "0:00:03"]

1. Nf3 d5 2. e3 Nf6 3. c4 e6 4. Nc3 a6 5. d4 Nbd7 6. b3 b6 7. cxd5 exd5 8. Bd3 Bb7 9. O-O Bd6 10. a4 O-O 11. Ba3 Bxa3 12. Rxa3 c5 13. Ra1 Re8 14. Rc1 Qe7 15. Bb1 Rac8 16. Qd3 g6 17. Ne2 Ne4 18. Ng3 Ndf6 19. Ne5 Qd6 20. f3 Nxg3 21. hxg3 Nd7 22. Nxd7 Qxd7 23. Kf2 Qe7 24. Rfe1 Qf6 25. Rc2 Rc7 26. Rce2 Rce7 27. Qd2 a5 28. dxc5 bxc5 29. Qxa5 Qd6 30. Qd2 Ba6 31. Bd3 Bb7 32. Bb5 Rc8 33. Rd1 Re5 34. Ree1 Rg5 35. g4 h5 36. e4 Qf6 37. exd5 Rxd5 38. Qe3 hxg4 39. Rxd5 Bxd5 40. Qe5 Qh4+ 41. Qg3 Qh6 42. Qxg4 Rd8 43. Re2 Bxb3 44. Qg3 c4 45. Bc6 c3 46. Be4 Rd2 47. Qb8+ Kh7 48. Qxb3 Qh4+ 49. Ke3 Qg5+ 50. Kf2 Qc5+ 51. Kf1 Rd7 52. Qc2 Kg7 53. Bd3 Qd4 54. Be4 Rc7 55. Bd3 Rd7 56. Be4 Rd8 57. Re1 Rh8 58. Ke2 Rh2 59. Kf1 Rh1+ 60. Ke2 Qc4+ 61. Kf2 Qc5+ 62. Ke2 Rh2 63. Kf1 Rh1+ 64. Ke2 Rh8 65. Kf1 Rd8 66. Rc1 Qc4+ 67. Kg1 Qc5+ 68. Kf1 Qc4+ 69. Kg1 Qd4+ 70. Kf1 Rc8 71. Qd3 Qe5 72. Rc2 Qc5 73. Ke2 Qb4 74. Qe3 Qb3 75. Qd3 Qb4 76. Qe3 Qb3 77. Qd3 Qb4 1/2-1/2


[Site "https://www.chess.com"]

[Event "Titled Tuesday Blitz November 22 Early 2022"]
[White "Horak, Martin"]
[Black "Caruana, Fabiano"]
[WhiteFideId "367095"]
[BlackFideId "2020009"]
[WhiteElo "2091"]
[BlackElo "2847"]
[Result "0-1"]
[Round "01"]
[TimeControl "180+1"]
[Date "2022.11.22"]
[WhiteClock "0:00:07"]
[BlackClock "0:00:53"]

1. e4 e6 2. d4 d5 3. Bd3 Nc6 4. c3 e5 5. Nf3 exd4 6. O-O Nf6 7. e5 Ne4 8. cxd4 Bf5 9. Nc3 Qd7 10. a3 Be7 11. Qc2 O-O-O 12. Be3 Kb8 13. Nxe4 dxe4 14. Bxe4 Bxe4 15. Qxe4 Qd5 16. Qc2 h6 17. b4 Rd7 18. Rfd1 Nd8 19. Nd2 Ne6 20. Ne4 Rhd8 21. Rac1 c6 22. Nc3 Qc4 23. Ne2 Qxc2 24. Rxc2 c5 25. bxc5 Bxc5 26. Rcd2 Bxa3 27. d5 Nc5 28. f4 b6 29. Nc3 Bb4 30. Rc2 Bxc3 31. Rxc3 Rxd5 32. Rxd5 Rxd5 33. Bxc5 Rxc5 34. Rd3 Kc7 35. Kf2 a5 36. Ke3 a4 37. Kd4 Kc6 38. g4 Rd5+ 0-1


[Site "https://www.chess.com"]

[Event "Titled Tuesday Blitz November 22 Early 2022"]
[White "Ibadov, Dashgyn"]
[Black "Le, Tuan Minh"]
[WhiteFideId "24107514"]
[BlackFideId "12401153"]
[WhiteElo "2208"]
[BlackElo "2530"]
[Result "0-1"]
[Round "01"]
[TimeControl "180+1"]
[Date "2022.11.22"]
[WhiteClock "0:00:04"]
[BlackClock "0:00:19"]

1. e4 c5 2. Nf3 Nf6 3. Nc3 d5 4. exd5 Nxd5 5. Bb5+ Bd7 6. Bxd7+ Qxd7 7. O-O Nc6 8. Nxd5 Qxd5 9. b3 e6 10. Bb2 Bd6 11. d4 O-O 12. c4 Qh5 13. dxc5 Bxc5 14. Qc2 Rad8 15. Rad1 a5 16. h3 Qg6 17. Qe2 Qf5 18. Rxd8 Rxd8 19. Rd1 Rxd1+ 20. Qxd1 h6 21. g4 Qe4 22. Bc3 b6 23. Kg2 Kh7 24. Qe1 Qc2 25. Qd2 Qg6 26. Qf4 f6 27. Qc7 Nb4 28. Bxb4 axb4 29. Qc6 Qc2 30. Qxe6 Qxf2+ 31. Kh1 Qxf3+ 0-1


[Site "https://www.chess.com"]

[Event "Titled Tuesday Blitz November 22 Early 2022"]
[White "Ilkhomi, Jaloliddin"]
[Black "Madaminov, Mukhiddin"]
[WhiteFideId "14700948"]
[BlackFideId "14210703"]
[WhiteElo "2045"]
[BlackElo "2341"]
[Result "0-1"]
[Round "01"]
[TimeControl "180+1"]
[Date "2022.11.23"]
[WhiteClock "0:00:03"]
[BlackClock "0:00:50"]

1. d4 Nf6 2. Nf3 e6 3. Bf4 b6 4. Nbd2 Bb7 5. c3 Be7 6. h3 O-O 7. e3 c5 8. Bd3 Nc6 9. Qe2 d6 10. O-O Rc8 11. Rac1 h6 12. Bh2 Nd7 13. a3 Re8 14. Rfd1 Bf8 15. Bb1 d5 16. e4 cxd4 17. cxd4 dxe4 18. Nxe4 Nf6 19. Nxf6+ Qxf6 20. Ne5 Nxd4 21. Qd3 Nf5 22. Rxc8 Rxc8 23. g4 Qg5 24. h4 Qxh4 25. gxf5 Bc5 26. Qg3 Qh5 27. Re1 exf5 28. Nd7 Bd4 29. Ne5 Re8 30. Nd3 Rxe1+ 31. Nxe1 Qd1 32. Qb8+ Kh7 33. Bxf5+ g6 34. Qe8 Bd5 35. Bh3 Be6 36. Bxe6 Qxe1+ 37. Kg2 Qxf2+ 38. Kh3 Qf1+ 39. Kg4 h5+ 40. Kg3 Be5+ 41. Kh4 Qf2+ 42. Kg5 Qf6# 0-1


[Site "https://www.chess.com"]

[Event "Titled Tuesday Blitz November 22 Early 2022"]
[White "Ismayil, Malak"]
[Black "Bortnyk, Olexandr"]
[WhiteFideId "13412604"]
[BlackFideId "14120828"]
[WhiteElo "1879"]
[BlackElo "2723"]
[Result "0-1"]
[Round "01"]
[TimeControl "180+1"]
[Date "2022.11.22"]
[WhiteClock "0:00:03"]
[BlackClock "0:01:24"]

1. e4 Nf6 2. e5 Nd5 3. d4 d6 4. Nf3 dxe5 5. Nxe5 c6 6. Bc4 Nd7 7. Nf3 N7f6 8. h3 Bf5 9. Bb3 e6 10. Bg5 Bd6 11. O-O O-O 12. c4 Nc7 13. Nc3 h6 14. Be3 Ne4 15. Nxe4 Bxe4 16. Nd2 Bd3 17. Re1 Bb4 18. a3 Bxd2 19. Qxd2 Bg6 20. Rad1 Qd7 21. Bc2 Bxc2 22. Qxc2 Rfd8 23. Rd2 Rac8 24. Red1 b5 25. b3 a6 26. Bf4 Qe7 27. Bxc7 Rxc7 28. a4 Qb4 29. axb5 axb5 30. cxb5 Qxb5 31. Qd3 Rb8 32. Qxb5 Rxb5 33. Rd3 Kf8 34. Kf1 Ke7 35. Ke2 Kd6 36. Ke3 Ra7 37. R1d2 Ra1 38. Rc2 Rb1 39. Rcc3 Rb2 40. g3 g5 41. Kf3 Rf5+ 42. Ke3 Rfxf2 43. Rd1 Rg2 44. Kd3 Rxg3+ 45. Kc4 Rxc3+ 46. Kxc3 Rh2 47. Rd3 f5 0-1


[Site "https://www.chess.com"]